 Dungeon Crawl Stone Soup version 0.30.1-4-g462c640d31 (webtiles) character file.

Game seed: 13344050940240385595

12839 Peloso the Carver (level 11, 0/99 HPs)
             Began as a Minotaur Fighter on Aug 13, 2023.
             Was a High Priest of Okawaru.
             Killed from afar by an ice statue (30 damage)
             ... with a shard of ice
             ... in an ice cave.
             The game lasted 00:20:34 (9404 turns).

Peloso the Carver (Minotaur Fighter)                Turns: 9404, Time: 00:20:35

Health: 0/99       AC: 22    Str: 24    XL:     11   Next: 67%
Magic:  8/10       EV: 12    Int:  5    God:    Okawaru [*****.]
Gold:   599        SH:  7    Dex: 11    Spells: 10/10 levels left

rFire   . . .        c - +11 dagger of Proximity {flame, Stlth+}
rCold   . . .        d - +0 buckler
rNeg    . . .        y - +1 shadow dragon scales
rPois   +            (helmet restricted)
rElec   .            D - +0 cloak
rCorr   .            C - +0 pair of gloves
SInv    .            (no boots)
Will    .....        K - amulet of regeneration
Stlth   +++++        J - ring of poison resistance
HPRegen 1.16/turn    (no ring)
MPRegen 0.12/turn

%: no passive effects
@: heroic
A: horns 2, retaliatory headbutt
a: Renounce Religion, Heroism, Finesse, Duel


You were in an ice cave.
You worshipped Okawaru.
Okawaru was extremely pleased with you.
You visited 2 branches of the dungeon, and saw 12 of its levels.
You also visited: Ice Cave.

You collected 655 gold pieces.
You spent 56 gold pieces at shops.

Inventory:

Hand Weapons
 a - the +3 falchion "Spiderslayer" {speed, rC+ Dex+5}
   (You found it on level 7 of the Dungeon)

   Dex:       It affects your dexterity (+5).
   rC:        It protects you from cold.
 b - a +1 scimitar of flaming
 c - the +11 dagger of Proximity (weapon) {flame, Stlth+}
   (You found it on level 5 of the Dungeon)

   Stlth:     It makes you more stealthy.
Armour
 d - a +0 buckler (worn)
 y - +1 shadow dragon scales (worn)
 C - a +0 pair of gloves (worn)
 D - a +0 cloak (worn)
 H - +0 swamp dragon scales
 I - the +5 ring mail of Caehy {Fly rN++}
   (You found it on level 2 of the Dungeon)

   rN:        It greatly protects you from negative energy.
   Fly:       It grants you flight.
Jewellery
 n - a ring of fire
 E - a ring of see invisible
 J - a ring of poison resistance (left hand)
 K - an amulet of regeneration (around neck)
Wands
 s - a wand of mindburst (15)
 z - a wand of flame (10)
 A - a wand of acid (8)
Scrolls
 f - 4 scrolls of teleportation
 h - 2 scrolls of enchant armour
 i - 2 scrolls of amnesia
 j - 2 scrolls of fear {unknown}
 k - 2 scrolls of poison {unknown}
 m - 2 scrolls of magic mapping
 p - 6 scrolls of fog {unknown}
 t - 3 scrolls of enchant weapon {unknown}
 x - 4 scrolls of identify
 B - 2 scrolls of immolation {unknown}
 F - a scroll of summoning {unknown}
Potions
 e - a potion of ambrosia
 g - a potion of might
 l - 4 potions of curing
 o - 2 potions of cancellation
 q - 7 potions of resistance
 r - a potion of attraction
 u - 3 potions of heal wounds
 v - a potion of flight
 w - a potion of lignification
 G - 3 potions of brilliance
 L - a potion of mutation {unknown}


   Skills:
 + Level 10.0(15.0) Fighting
 + Level 5.3(14.6) Short Blades
 + Level 13.5(19.0) Long Blades
 + Level 10.0(15.0) Armour
 + Level 5.5(10.5) Dodging
 + Level 2.2(7.2) Stealth
 + Level 9.1(14.1) Shields
 + Level 1.3 Invocations


You had 10 spell levels left.
You didn't know any spells.
Your spell library contained the following spells:

 Spells                   Type           Power      Damage    Failure   Level
 Sandblast                Erth           0%         2d4       94%         1
 Passwall                 Tmut/Erth      0%         N/A       98%         2
 Portal Projectile        Hex/Tloc       0%         N/A       100%        3
 Stone Arrow              Conj/Erth      0%         3d7       100%        3
 Blade Hands              Tmut           0%         N/A       100%        5
 Eringya's Noxious Bog    Tmut/Pois      0%         N/A       100%        6
 Tukima's Dance           Hex            Unusable   N/A       N/A         3
 Summon Forest            Summ/Tloc      Unusable   N/A       N/A         5
 Summon Hydra             Summ           Unusable   N/A       N/A         7

Dungeon Overview and Level Annotations

Branches:
Dungeon (11/15)            Temple (1/1) D:5            Lair (0/5) D:8
    Orc (0/2) D:11          IceCv (1/1)

Altars:
Ashenzari
Cheibriados
Elyvilon
Fedhas
Gozag
Makhleb
Nemelex Xobeh
Okawaru
Qazlal
Ru
Sif Muna
Trog
Uskayaw
Vehumet
Wu Jian
Yredelemnul
Zin
The Shining One

Shops:
D:3 ?   D:5 *   D:6 *

Annotations:
D:10 exclusion: orange crystal statue IceCv exclusion: ice statue


Innate Abilities, Weirdness & Mutations

You have a pair of horns on your head.
You reflexively headbutt those who attack you in melee.


Message History

You hit the ice statue.
You melt the ice statue.
You headbutt the ice statue, but do no damage.
The ice statue is lightly damaged.
You hit the ice statue.
You melt the ice statue.
Your headbutt misses the ice statue.
The ice statue is lightly damaged.
The ice statue gestures at you.
The freezing blast engulfs you but does no damage.
You block the ice beast's attack. The ice beast barely misses you. x2
You furiously retaliate!
You headbutt the ice beast! You hit the ice statue.
You melt the ice statue.
The ice statue is moderately damaged.
You are engulfed in freezing vapours.
Unknown command.
You hit the ice statue but do no damage.
The ice statue is moderately damaged.
You are engulfed in freezing vapours.
The ice beast hits you. The ice beast freezes you! The ice beast hits you.
The ice beast freezes you.
The ice beast hits you but does no damage.
Unknown command.
You completely miss the ice statue.
The ice statue is moderately damaged.
You are engulfed in freezing vapours.
Unknown command.
You hit the ice statue.
You melt the ice statue.
The ice statue is moderately damaged.
You are engulfed in freezing vapours.
The ice beast closely misses you. You furiously retaliate!
You headbutt the ice beast! You block the ice beast's attack.
The ice beast hits you but does no damage.
Unknown command.
You hit the ice statue but do no damage.
The ice statue is moderately damaged.
You are engulfed in freezing vapours.
* * * LOW HITPOINT WARNING * * *
You hit the ice statue.
You melt the ice statue.
The ice statue is heavily damaged.
The ice statue gestures at you. The shard of ice hits you!!
You die...

##.#....#.## #..##
##..........## ##.#
##............## #..#
##.....#........###
###.##
#.......###.......###...#
#......°#######.......###
##........## #####...#
###......Y### #.###
###°°°.@Y°# ### ###○Y°8##
#°.### #..## ...## ..##
###


You could see an ice statue and 3 ice beasts.

Vanquished Creatures
  2 death yaks (IceCv)
  A centaur warrior (D:11)
  4 two-headed ogres
  A cyclops (D:11)
  An ugly thing (IceCv)
  Maggie (D:10)
  2 rime drakes (IceCv)
  2 ice devils (D:11)
  A troll (D:10)
  5 polar bears (IceCv)
  A hornet (D:9)
  Sigmund (D:2)
  A shadow (D:10)
  3 wyverns
  A wraith (D:10)
  11 yaks
  2 steam dragons
  3 orc warriors
  2 wolves (IceCv)
  3 centaurs
  A phantom (D:4)
  A kobold brigand (D:9)
  Blork the orc (D:6)
  2 bullfrogs (D:9)
  2 gnoll sergeants
  2 scorpions
  3 wights (D:7)
  3 killer bees (D:9)
  An electric eel (D:10)
  2 jellies (D:6)
  5 orc priests
  3 hounds
  Jessica (D:2)
  2 sleepcaps
  3 iguanas
  12 orc wizards
  9 gnolls
  6 adders
  A shadow imp (D:7)
  3 ufetubi
  2 worms
  7 dart slugs
  42 orcs
  9 bats
  5 endoplasms (D:1)
  3 giant cockroaches
  4 goblins
  5 hobgoblins
  5 jackals
  7 quokkas
  7 ball pythons
  3 frilled lizards
  16 kobolds
  5 rats
231 creatures vanquished.

Notes
Turn   | Place    | Note
-------+----------+-------------------------------------------
     0 | D:1      | Peloso the Minotaur Fighter began the quest for the Orb.
     0 | D:1      | Reached XP level 1. HP: 19/19 MP: 0/0
    93 | D:1      | Reached XP level 2. HP: 25/27 MP: 1/1
   291 | D:1      | Reached XP level 3. HP: 31/33 MP: 2/2
   590 | D:2      | Reached skill level 3 in Long Blades
   633 | D:2      | Identified the +5 ring mail of Caehy {Fly rN++}
   920 | D:2      | Noticed Jessica
   935 | D:2      | Killed Jessica
   936 | D:2      | Reached XP level 4. HP: 40/40 MP: 3/3
  1091 | D:2      | Noticed Sigmund
  1113 | D:2      | Killed Sigmund
  1114 | D:2      | Reached skill level 5 in Long Blades
  1114 | D:2      | Reached skill level 5 in Armour
  1114 | D:2      | Reached skill level 1 in Dodging
  1114 | D:2      | Reached XP level 5. HP: 39/47 MP: 4/4
  1178 | D:2      | Found a faded altar of an unknown god.
  1412 | D:3      | Reached XP level 6. HP: 53/53 MP: 5/5
  1687 | D:3      | Found Kizodug's Magic Scroll Shop.
  1693 | D:3      | Bought a scroll of noise for 10 gold pieces
  1693 | D:3      | Bought a scroll of identify for 20 gold pieces
  2027 | D:3      | HP: 2/55 [something (3)]
  2329 | D:4      | Reached skill level 6 in Long Blades
  2329 | D:4      | Reached XP level 7. HP: 47/60 MP: 6/6
  2450 | D:4      | Reached skill level 5 in Shields
  2766 | D:4      | Reached skill level 5 in Fighting
  2941 | D:4      | Found an ornate altar of the Wu Jian Council.
  3007 | D:5      | Entered Level 5 of the Dungeon
  3115 | D:5      | Found a staircase to the Ecumenical Temple.
  3189 | Temple   | Entered the Ecumenical Temple
  3201 | Temple   | Became a worshipper of Warmaster Okawaru
  3294 | D:5      | Found Libbui's General Store.
  3298 | D:5      | Bought a scroll of identify for 26 gold pieces
  3448 | D:5      | Identified the +11 dagger of Proximity {flame, Stlth+}
  3628 | D:5      | Identified the staff of air "Qerchai" {rElec Int+3}
  3843 | D:6      | Reached * piety under Okawaru
  3844 | D:6      | Reached skill level 7 in Long Blades
  3847 | D:6      | Reached XP level 8. HP: 60/69 MP: 7/7
  3917 | D:6      | Found Taps's Overcharged Wands.
  3955 | D:6      | Reached skill level 1 in Short Blades
  4154 | D:6      | Found a basalt altar of Yredelemnul.
  4262 | D:6      | Reached skill level 1 in Stealth
  4532 | D:6      | Noticed Blork the orc
  4731 | D:6      | Killed Blork the orc
  4841 | D:6      | Found a shimmering blue altar of Sif Muna.
  5068 | D:7      | Identified the +3 falchion "Spiderslayer" {speed, rC+
                  | Dex+5}
  5102 | D:7      | Reached ** piety under Okawaru
  5208 | D:7      | Found a sparkling altar of Nemelex Xobeh.
  5294 | D:7      | Reached XP level 9. HP: 59/78 MP: 8/8
  5461 | D:7      | Reached skill level 5 in Short Blades
  5674 | D:8      | Found a staircase to the Lair.
  6504 | D:9      | Noticed a two-headed ogre
  6506 | D:9      | Found a snail-covered altar of Cheibriados.
  6521 | D:9      | Killed a two-headed ogre
  6522 | D:9      | Reached skill level 8 in Long Blades
  6661 | D:9      | Reached *** piety under Okawaru
  6810 | D:9      | Reached skill level 9 in Long Blades
  6885 | D:9      | Paralysed by a hornet for 2 turns
  6901 | D:9      | Received a gift from Okawaru
  6908 | D:9      | Reached XP level 10. HP: 66/88 MP: 9/9
  7248 | D:9      | Noticed a two-headed ogre
  7257 | D:9      | Killed a two-headed ogre
  7258 | D:9      | Reached skill level 10 in Long Blades
  7486 | D:10     | Entered Level 10 of the Dungeon
  7597 | D:10     | Found a burning altar of Makhleb.
  7657 | D:10     | Reached **** piety under Okawaru
  7740 | D:10     | Noticed an orange crystal statue
  8090 | D:10     | Noticed a two-headed ogre
  8100 | D:10     | Killed a two-headed ogre
  8101 | D:10     | Reached skill level 11 in Long Blades
  8101 | D:10     | Reached skill level 5 in Dodging
  8172 | D:10     | Noticed Maggie
  8182 | D:10     | Killed Maggie
  8324 | D:10     | Noticed a two-headed ogre
  8336 | D:10     | Killed a two-headed ogre
  8356 | D:10     | Reached skill level 12 in Long Blades
  8718 | D:11     | Noticed a centaur warrior
  8732 | D:11     | Killed a centaur warrior
  8733 | D:11     | Reached XP level 11. HP: 71/97 MP: 7/10
  8756 | D:11     | Found a staircase to the Orcish Mines.
  8769 | D:11     | Reached ***** piety under Okawaru
  8818 | D:11     | Found a frozen archway.
  8851 | D:11     | Received a gift from Okawaru
  8891 | IceCv    | Entered an ice cave
  8910 | IceCv    | Reached skill level 1 in Invocations
  8979 | IceCv    | Noticed a death yak
  9002 | IceCv    | Killed a death yak
  9007 | IceCv    | Reached skill level 13 in Long Blades
  9194 | IceCv    | Noticed a white ugly thing
  9196 | IceCv    | Noticed a death yak
  9241 | IceCv    | Killed a death yak
  9242 | IceCv    | Reached skill level 10 in Fighting
  9242 | IceCv    | Reached skill level 10 in Armour
  9249 | IceCv    | Killed a white ugly thing
  9404 | IceCv    | Killed from afar by an ice statue

Illustrated notes

Levels and vault maps discovered:
D:1:      dpeg_arrival_connections, layout_rooms
D:2:      layout_rooms, shapermc_ecumenical_altar_mp_urbaneastern, uniq_jessica,
          uniq_sigmund
D:3:      layout_loops_ring, serial_shops, shop, grunt_ministairs_11
D:4:      layout_gridville, general_overflow_altar
D:5:      layout_loops_cross, minmay_temple_entry_hall, serial_shops,
          kennysheep_mini
D:6:      layout_loops_ring, tgw_sif, mainiacjoe_overflow_alcove_2,
          dk_vineyard_3, kennysheep_nub, nicolae_shop_overcharged_wands
D:7:      layout_cave_pools, mainiacjoe_overflow_brackets, minivault_22
D:8:      layout_basic, dpeg_oklobed_lair
D:9:      layout_roguey, mainiacjoe_overflow_alcove_4
D:10:     layout_basic, mainiacjoe_overflow_tiny_flanked, nrook_pool_corridor,
          minmay_statue_bubble, uniq_maggie
D:11:     layout_gridville, david_orc_2, nicolae_trove_entry_crystal,
          portal_ice_cave_demonic_guard, corexii_leaking_fountain,
          minmay_misc_feat_five
Temple:   lightli_temple_of_artemis
IceCv:    ice_cave_small_giant

Skill      XL: |  1  2  3  4  5  6  7  8  9 10 11 |
---------------+----------------------------------+-----
Fighting       | 4 5 6 7 9 10 | 10.0
Shields        | 4 5 6 7 8 9 |  9.1
Armour         | 4 5 6 7 8 10 | 10.0
Long Blades    | 3 5 6 7 9 12 13 | 13.5
Dodging        | 1 2 3 4 5 |  5.5
Short Blades   | 4 5 |  5.3
Stealth        | 1 2 |  2.2
Invocations    | 1 |  1.3

Action                     |  1- 3 |  4- 6 |  7- 9 | 10-12 || total
---------------------------+-------+-------+-------+-------++-------
  Melee: Long sword        |    91 |   137 |    42 |       ||   270
         Headbutt          |    15 |    19 |    60 |   104 ||   198
         Dagger            |       |       |    77 |     8 ||    85
         Falchion          |       |       |   162 |   378 ||   540
 Invoke: Heroism           |       |       |     1 |     9 ||    10
    Use: Scroll            |     1 |       |     7 |     5 ||    13
         Potion            |       |     2 |       |       ||     2
   Stab: Sleeping          |       |       |       |     1 ||     1
 Armour: Scale mail        |    37 |       |       |       ||    37
         Ring mail         |    16 |    72 |    95 |     5 ||   188
         Shadow dragon sca |       |       |       |   127 ||   127
  Dodge: Dodged            |    51 |    64 |   105 |   117 ||   337
  Block: Buckler           |    26 |    37 |    56 |    67 ||   186
